[Event "Titled Tuesday Blitz July 18 Late 2023"]
[White "Storn, Justin"]
[Black "Pinheiro, Iung Alicio de O."]
[WhiteFideId "30922720"]
[BlackFideId "2104350"]
[WhiteElo "2373"]
[BlackElo "2595"]
[Result "0-1"]
[Round "4"]
[TimeControl "180+2"]
[Date "2023.07.18"]
[WhiteClock "0:00:01"]
[BlackClock "0:00:15"]
[Board "76"]

1. d4 Nf6 2. c4 e6 3. Nc3 Bb4 4. e3 O-O 5. Bd3 c5 6. Ne2 d5 7. cxd5 exd5 8. a3 cxd4 9. axb4 dxc3 10. bxc3 Nc6 11. O-O Ne5 12. Bc2 Qc7 13. Bd2 Bg4 14. f3 Bh5 15. Bb3 Rfd8 16. Nd4 a6 17. Ra3 Rac8 18. Qa1 Nc4 19. Bxc4 Qxc4 20. b5 axb5 21. Rb1 Qd3 22. Ra2 Bg6 23. Rxb5 h5 24. Rxb7 Re8 25. Qf1 Rxe3 26. Qxd3 Rxd3 27. Re7 h4 28. Kf2 Rb8 29. Rc7 Rb1 30. Ra8+ Kh7 31. Ke2 Rb2 32. Ke1 Rdxd2 33. Rcc8 Bd3 34. Rh8+ Kg6 35. Rxh4 Rxg2 36. f4 Rb1# 0-1


[Site "https://www.chess.com"]

[Event "Titled Tuesday Blitz July 18 Late 2023"]
[White "Voege, Tobias"]
[Black "Prieto Aranguren, Alain"]
[WhiteFideId "1270513"]
[BlackFideId "2268906"]
[WhiteElo "2595"]
[BlackElo "2372"]
[Result "1-0"]
[Round "4"]
[TimeControl "180+2"]
[Date "2023.07.18"]
[WhiteClock "0:00:23"]
[BlackClock "0:00:27"]
[Board "77"]

1. e4 c5 2. Nf3 Nc6 3. d4 cxd4 4. Nxd4 Nf6 5. Nc3 e5 6. Ndb5 d6 7. a4 a6 8. Na3 Be6 9. Bg5 Be7 10. Bxf6 Bxf6 11. Bc4 O-O 12. O-O Rc8 13. Bd5 Nd4 14. Qd3 Qc7 15. Rae1 Bg5 16. f4 Bh6 17. f5 Bxd5 18. Nxd5 Qc5 19. b4 Nf3+ 20. Kh1 Nxe1 21. Rxe1 Qf2 22. Ne7+ Kh8 23. Rf1 Qd2 24. Nxc8 Rxc8 25. Nc4 Qxb4 26. Nxd6 Rf8 27. Qd5 Kg8 28. a5 Bg5 29. Nxb7 Qxb7 30. Qxb7 Rd8 31. g3 h5 32. Qxa6 Rd2 33. Qc4 Rd4 34. Qxd4 exd4 35. a6 d3 36. cxd3 Be3 37. Rb1 Ba7 38. Rb7 Bd4 39. a7 Bxa7 40. Rxa7 g6 41. d4 g5 42. f6 Kf8 43. e5 Ke8 44. Re7+ Kf8 45. d5 g4 46. e6 h4 47. Rxf7+ Ke8 48. Rh7 Kd8 49. d6 Kc8 50. Rc7+ Kb8 51. f7 1-0


[Site "https://www.chess.com"]

[Event "Titled Tuesday Blitz July 18 Late 2023"]
[White "TimGrutter03"]
[Black "Shapiro, Daniel"]
[BlackFideId "2001780"]
[WhiteElo "2594"]
[BlackElo "2365"]
[Result "0-1"]
[Round "4"]
[TimeControl "180+2"]
[Date "2023.07.18"]
[WhiteClock "0:00:00"]
[BlackClock "0:00:04"]
[Board "78"]

1. d4 Nf6 2. Nc3 d5 3. Bf4 a6 4. e3 e6 5. g4 Bd6 6. g5 Ne4 7. Nxe4 dxe4 8. Bxd6 cxd6 9. h4 Nc6 10. Qd2 d5 11. Nh3 e5 12. dxe5 Nxe5 13. O-O-O Be6 14. Be2 Rc8 15. Nf4 Qc7 16. Kb1 Rd8 17. h5 O-O 18. g6 h6 19. gxf7+ Bxf7 20. Rhg1 Nc4 21. Qd4 Qe5 22. Bxc4 Qxd4 23. Rxd4 dxc4 24. Rgd1 Rde8 25. Rd7 b5 26. Ra7 Re5 27. Rdd7 Rf5 28. a3 Rf6 29. Re7 Rd8 30. Kc1 Rf5 31. Rxa6 Bxh5 32. Nxh5 Rxh5 33. Kb1 Rd1+ 34. Ka2 Rd2 35. Raa7 Rg5 36. a4 bxa4 37. Rxe4 Rxc2 38. Rxa4 c3 39. Kb3 Rxb2+ 40. Kxc3 Rxf2 41. Kd3 Rgg2 42. Re7 Kh7 43. Rc4 Rd2+ 0-1


[Site "https://www.chess.com"]

[Event "Titled Tuesday Blitz July 18 Late 2023"]
[White "Geivondian, Arman"]
[Black "Adireddy Arjun"]
[WhiteFideId "24102032"]
[BlackFideId "25647709"]
[WhiteElo "2593"]
[BlackElo "2359"]
[Result "1-0"]
[Round "4"]
[TimeControl "180+2"]
[Date "2023.07.18"]
[WhiteClock "0:02:05"]
[BlackClock "0:00:07"]
[Board "79"]

1. e4 c6 2. Nf3 d5 3. d3 dxe4 4. dxe4 Qxd1+ 5. Kxd1 Nd7 6. Nbd2 e5 7. Ne1 f6 8. Bc4 b5 9. Bb3 Bb7 10. Nd3 c5 11. c4 a6 12. a4 b4 13. a5 Bd6 14. Kc2 Ne7 15. Ba4 Nc6 16. Bxc6 Bxc6 17. f3 Ke7 18. b3 Nf8 19. Bb2 Ne6 20. Nf1 Nd4+ 21. Bxd4 cxd4 22. Kb2 Rab8 23. Ng3 g6 24. Rhf1 Rhd8 25. Rac1 h5 26. Ne2 Bc7 27. Ra1 Bd6 28. Rfc1 f5 29. Ng3 fxe4 30. Nxe4 Bxe4 31. fxe4 Ke6 32. Rf1 Be7 33. Rf3 Rf8 34. Raf1 Rxf3 35. Rxf3 Rf8 36. Rxf8 Bxf8 37. Kc2 Be7 38. Kd2 g5 39. Ke2 g4 40. h3 Kf6 41. hxg4 hxg4 42. Kf2 Bd6 43. Kg3 Kg5 44. Kf2 Bc7 45. Nxb4 Bxa5 46. Nc6 Bc7 47. g3 Kf6 48. Ke2 Ke6 49. Nb4 a5 50. Nd5 Bd8 51. Kd3 Kd6 52. b4 axb4 53. Nxb4 Kc5 54. Nc2 Kc6 55. Nb4+ Kc5 56. Nd5 Kc6 57. Kc2 Kc5 58. Kb3 Bg5 59. Nb4 Bd8 60. Nd3+ Kd6 61. c5+ Ke6 62. Kc4 Bc7 63. Kb5 Kd7 64. Kc4 Kc6 65. Nb4+ Kd7 66. Kd5 Ba5 67. Nd3 Bc7 68. Nf2 Ke7 69. Nxg4 Kd7 70. Nf2 Ke7 71. Nd3 Kd7 72. g4 Ke7 73. Kc6 Ba5 74. Kb7 Kf6 75. c6 Kg5 76. Nxe5 Kf4 77. Nc4 Bd8 78. e5 d3 79. c7 Bxc7 80. Kxc7 d2 81. Nxd2 Kxe5 82. Nf3+ Kf4 83. g5 Kf5 84. Kd6 Kg6 85. Ke5 Kg7 86. Kf5 Kf7 87. g6+ Kg7 88. Kg5 Kg8 89. Kf6 Kh8 90. Nd4 Kg8 91. Nf5 Kh8 92. g7+ Kh7 93. Ne7 Kh6 94. g8=Q Kh5 95. Qg5# 1-0


[Site "https://www.chess.com"]

[Event "Titled Tuesday Blitz July 18 Late 2023"]
[White "Avalos Parra, Joao"]
[Black "Rodchenkov, Sergey D."]
[WhiteFideId "3402541"]
[BlackFideId "4168712"]
[WhiteElo "2357"]
[BlackElo "2592"]
[Result "0-1"]
[Round "4"]
[TimeControl "180+2"]
[Date "2023.07.18"]
[WhiteClock "0:00:00"]
[BlackClock "0:00:54"]
[Board "80"]

1. d4 d5 2. c4 dxc4 3. e4 e5 4. Nf3 exd4 5. Bxc4 Nc6 6. O-O Be6 7. Bb5 Bc5 8. b4 Bb6 9. a4 a6 10. Bxc6+ bxc6 11. a5 Ba7 12. Nbd2 Nf6 13. Ng5 O-O 14. Nxe6 fxe6 15. Qb3 Qd7 16. h3 Kh8 17. e5 Nd5 18. Ne4 Rab8 19. Bd2 c5 20. Qc4 cxb4 21. Qxa6 c5 22. Ng5 Rfe8 23. Rfc1 h6 24. Ne4 Nc3 25. Bxc3 bxc3 26. Qc4 Qd5 27. Qxd5 exd5 28. Nd6 Rf8 29. e6 c4 30. e7 Rfe8 31. Nxe8 Rxe8 32. Rab1 Rxe7 33. Re1 c2 34. Rbc1 Rxe1+ 35. Rxe1 d3 0-1


[Site "https://www.chess.com"]

[Event "Titled Tuesday Blitz July 18 Late 2023"]
[White "Lizak, Peter"]
[Black "Real_taiatai"]
[WhiteFideId "731595"]
[WhiteElo "2591"]
[BlackElo "2338"]
[Result "0-1"]
[Round "4"]
[TimeControl "180+2"]
[Date "2023.07.18"]
[WhiteClock "0:00:00"]
[BlackClock "0:00:11"]
[Board "81"]

1. d4 Nf6 2. Nc3 e6 3. Bf4 d5 4. Nb5 Bd6 5. Nxd6+ cxd6 6. e3 Nc6 7. Nf3 Qe7 8. h3 h6 9. Be2 O-O 10. O-O e5 11. Bh2 Bf5 12. c3 Rad8 13. Qb3 a6 14. Qa3 Qe6 15. b4 Rfe8 16. b5 axb5 17. Bxb5 Bxh3 18. gxh3 Qxh3 19. Be2 Ng4 20. Bg3 Nxe3 21. fxe3 Qxg3+ 22. Kh1 exd4 23. cxd4 Nxd4 24. Nxd4 Rxe3 25. Qxe3 Qxe3 26. Rad1 Qh3+ 27. Kg1 Qg3+ 28. Kh1 Re8 29. Rf3 Qh4+ 30. Kg2 Re4 31. Rfd3 Qg5+ 32. Kf2 Qe5 33. Bf3 Qh2+ 34. Kf1 Rf4 35. R1d2 Qh3+ 36. Kf2 g5 37. Ne2 Rf5 38. Ng1 Qh4+ 39. Kg2 g4 40. Bxd5 h5 41. Re3 Qg5 42. Red3 h4 43. Be4 Re5 44. Rd5 Qf4 0-1


[Site "https://www.chess.com"]

[Event "Titled Tuesday Blitz July 18 Late 2023"]
[White "Vujacic, Igor"]
[Black "Fonseca Manrique, Enrique"]
[WhiteFideId "932620"]
[BlackFideId "5114330"]
[WhiteElo "2313"]
[BlackElo "2589"]
[Result "1-0"]
[Round "4"]
[TimeControl "180+2"]
[Date "2023.07.18"]
[WhiteClock "0:00:02"]
[BlackClock "0:00:00"]
[Board "82"]

1. d4 Nf6 2. Bf4 g6 3. Nc3 d5 4. e3 Bg7 5. h4 h5 6. Nf3 O-O 7. Be2 c5 8. Nb5 Na6 9. c3 Bf5 10. a4 Ne4 11. Qb3 Bg4 12. Rd1 c4 13. Qa2 Qa5 14. O-O Rfd8 15. Rfe1 Bd7 16. b4 cxb3 17. Qxb3 e6 18. c4 dxc4 19. Bxc4 Rdc8 20. Rb1 Bc6 21. Rec1 Nd2 22. Nxd2 Qxd2 23. Nd6 Rf8 24. Nxb7 Be4 25. Bxa6 Bxb1 26. Rxb1 Rac8 27. Nc5 e5 28. Bg5 Rb8 29. Qxb8 Rxb8 30. Rxb8+ Kh7 31. Nd7 exd4 32. Nf6+ Bxf6 33. Bxf6 g5 34. hxg5 Qe1+ 35. Kh2 Qd1 36. exd4 Qd2 37. Kh3 Kg6 38. Bb7 1-0


[Site "https://www.chess.com"]

[Event "Titled Tuesday Blitz July 18 Late 2023"]
[White "Spichkin, Alexander"]
[Black "Pinero Rodriguez, Carlos Jose"]
[WhiteFideId "4144074"]
[BlackFideId "3901726"]
[WhiteElo "2311"]
[BlackElo "2588"]
[Result "0-1"]
[Round "4"]
[TimeControl "180+2"]
[Date "2023.07.18"]
[WhiteClock "0:01:13"]
[BlackClock "0:01:41"]
[Board "83"]

1. f4 c5 2. Nf3 e6 3. e3 b6 4. b3 Bb7 5. Bb2 Nf6 6. Bd3 d6 7. O-O Nbd7 8. a4 a6 9. Na3 Qc7 10. Nc4 Be7 11. Qe1 h6 12. Qg3 Rg8 13. Rfe1 g5 14. fxg5 hxg5 15. Rf1 O-O-O 16. Rae1 Ne4 17. Bxe4 Bxe4 18. d3 Bb7 19. d4 g4 20. Nfd2 f5 21. e4 b5 22. axb5 axb5 23. Na3 b4 24. Nac4 d5 25. Ne5 Nxe5 26. dxe5 dxe4 27. Nc4 Ba6 28. Nd6+ Rxd6 29. exd6 Bxd6 30. Qh4 Bxf1 31. Rxf1 Kb7 32. Bc1 Be5 33. Be3 Rh8 34. Qxh8 Bxh8 0-1


[Site "https://www.chess.com"]

[Event "Titled Tuesday Blitz July 18 Late 2023"]
[White "Dragomirescu, Robin-Alexandru"]
[Black "StarkyNZ"]
[WhiteFideId "1213849"]
[WhiteElo "2587"]
[BlackElo "2306"]
[Result "0-1"]
[Round "4"]
[TimeControl "180+2"]
[Date "2023.07.18"]
[WhiteClock "0:00:05"]
[BlackClock "0:00:10"]
[Board "84"]

1. b3 e5 2. Bb2 d6 3. e3 Nc6 4. Nf3 Bf5 5. Bb5 Ne7 6. d4 e4 7. Nfd2 d5 8. c4 a6 9. Bxc6+ Nxc6 10. a3 dxc4 11. bxc4 Qg5 12. g3 O-O-O 13. d5 Nb8 14. Nc3 h5 15. Ncxe4 Qg6 16. Qf3 Re8 17. Nc3 Bg4 18. Qf4 Bd6 19. Qd4 Qc2 20. Rb1 Be5 21. Qe4 Qxd2+ 22. Kxd2 Bxc3+ 23. Bxc3 Rxe4 24. Bxg7 Rd8 25. f3 Bxf3 26. Rhf1 Bg4 27. Bd4 f5 28. Rf4 Rde8 29. Rh1 Nd7 30. h3 Rxf4 31. gxf4 Bf3 32. Rg1 Nb6 33. Kc3 Be2 34. Rg5 Nxc4 35. Rxf5 Nxe3 36. Rg5 Bf3 37. d6 Nd5+ 38. Kc4 cxd6 39. Rxd5 Bxd5+ 40. Kxd5 Kd7 41. f5 b5 42. f6 Rf8 43. h4 a5 44. Bb2 b4 45. axb4 axb4 46. Kc4 Ke6 47. Kxb4 Rxf6 48. Bxf6 Kxf6 49. Kc4 Ke5 50. Kd3 Kd5 51. Ke3 Kc4 52. Ke2 Kd4 53. Kd2 d5 54. Ke1 Ke3 55. Kd1 Kd3 56. Ke1 Kc2 0-1


[Site "https://www.chess.com"]

[Event "Titled Tuesday Blitz July 18 Late 2023"]
[White "Krishnan, Varun"]
[Black "Freile Martin, Javier"]
[WhiteFideId "5054508"]
[BlackFideId "3600165"]
[WhiteElo "2583"]
[BlackElo "2298"]
[Result "1-0"]
[Round "4"]
[TimeControl "180+2"]
[Date "2023.07.18"]
[WhiteClock "0:00:04"]
[BlackClock "0:00:00"]
[Board "85"]

1. a3 g6 2. d4 Bg7 3. c4 d6 4. Nc3 Nd7 5. Nf3 e5 6. e3 c6 7. b4 Ngf6 8. Be2 O-O 9. O-O Re8 10. Bb2 e4 11. Nd2 Nf8 12. c5 d5 13. a4 h5 14. b5 N8h7 15. a5 a6 16. bxc6 bxc6 17. Na4 Bf5 18. Bc3 Ra7 19. Rb1 Qd7 20. Rb6 h4 21. Rxa6 Rxa6 22. Bxa6 h3 23. g3 Ng5 24. Be2 Bg4 25. Nb6 Qf5 26. a6 Re7 27. Bxg4 Nxg4 28. Qe2 Ra7 29. Rb1 Rxa6 30. f4 exf3 31. Qxa6 f2+ 32. Kh1 Ne4 33. Qc8+ Qxc8 34. Nxc8 Nxc3 35. Rf1 Bf6 36. Na7 Bg5 37. Nxc6 Bxe3 38. Nf3 Bd2 39. Ne7+ Kf8 40. Nc8 Bg5 41. c6 Bd8 42. Nd6 Ke7 43. Nc8+ Ke6 44. Ne5 Nxe5 45. dxe5 Ne4 46. Nd6 Bc7 47. Nxe4 dxe4 48. Rxf2 Kxe5 49. Rxf7 Kd6 50. Kg1 Kxc6 51. Kf2 Bb6+ 52. Ke2 Kd5 53. Rh7 Bg1 54. Rxh3 Kd4 55. Rh8 g5 56. h4 gxh4 57. gxh4 e3 58. h5 Ke5 59. h6 Kf6 60. Rg8 Bf2 61. h7 Kf7 62. h8=Q 1-0


[Site "https://www.chess.com"]

[Event "Titled Tuesday Blitz July 18 Late 2023"]
[White "Kretchetov, Alexandre"]
[Black "SicilianPanzer"]
[WhiteFideId "4124588"]
[WhiteElo "2579"]
[BlackElo "2289"]
[Result "0-1"]
[Round "4"]
[TimeControl "180+2"]
[Date "2023.07.18"]
[WhiteClock "0:01:40"]
[BlackClock "0:00:53"]
[Board "86"]

1. d4 Nf6 2. c4 e6 3. Nc3 Bb4 4. Qc2 b6 5. e4 c5 6. d5 exd5 7. exd5 Qe7+ 8. Ne2 O-O 9. Bd2 d6 10. O-O-O Nbd7 11. Ng3 Ne5 12. f4 Neg4 13. Re1 Qd8 14. h3 Nh6 15. Bd3 a6 16. a3 Ba5 17. f5 b5 18. Bxh6 gxh6 19. Nce4 Bxe1 20. Rxe1 Nxe4 21. Bxe4 Qg5+ 22. Qd2 Qxg3 0-1


[Site "https://www.chess.com"]

[Event "Titled Tuesday Blitz July 18 Late 2023"]
[White "Bartel, Michal"]
[Black "Francisco_Ferrari"]
[WhiteFideId "1119257"]
[WhiteElo "2576"]
[BlackElo "2194"]
[Result "1-0"]
[Round "4"]
[TimeControl "180+2"]
[Date "2023.07.18"]
[WhiteClock "0:02:14"]
[BlackClock "0:01:13"]
[Board "87"]

1. e4 c5 2. Ne2 a6 3. g3 b5 4. Bg2 Bb7 5. O-O g6 6. c3 Bg7 7. d4 d6 8. dxc5 dxc5 9. Qxd8+ Kxd8 10. Be3 Nd7 11. Rd1 Ke8 12. a4 b4 13. Nd2 Ngf6 14. cxb4 cxb4 15. Rac1 Ng4 16. Bd4 e5 17. Bc5 Nxc5 18. Rxc5 Ke7 19. Rc7+ 1-0


[Site "https://www.chess.com"]

[Event "Titled Tuesday Blitz July 18 Late 2023"]
[White "disciplinedbrat"]
[Black "Rustemov, Alexander"]
[BlackFideId "4119002"]
[WhiteElo "2240"]
[BlackElo "2862"]
[Result "0-1"]
[Round "4"]
[TimeControl "180+2"]
[Date "2023.07.18"]
[WhiteClock "0:00:00"]
[BlackClock "0:00:03"]
[Board "88"]

1. e4 e6 2. d4 d5 3. e5 c5 4. c3 Qb6 5. Nf3 Bd7 6. Be2 Bb5 7. c4 dxc4 8. d5 exd5 9. Qxd5 Ne7 10. Qe4 Qc6 11. Qc2 Qg6 12. Qxg6 Nxg6 13. Na3 Bc6 14. Nxc4 Nd7 15. O-O Be7 16. a4 b6 17. Re1 O-O 18. Bd1 Bd5 19. b3 Rfe8 20. Bb2 Bf8 21. Bc2 h6 22. Ncd2 Rad8 23. Rad1 Bc6 24. Nc4 Nf4 25. Be4 Bxe4 26. Rxe4 Ne6 27. Rde1 Nb8 28. Nh4 g6 29. g3 Nc6 30. f4 Rd3 31. R1e3 Red8 32. f5 Ng5 33. Rxd3 Rxd3 34. Re3 Rxe3 35. Nxe3 gxf5 36. Nexf5 Na5 37. Nd6 Nxb3 38. Nc8 c4 39. Nxa7 Bb4 40. Nb5 Nc5 41. Bc3 Bxc3 42. Nxc3 Nge4 43. Ne2 Nxa4 44. Nf5 b5 45. Nxh6+ Kf8 46. Nf5 b4 47. Nfd4 b3 48. Nb5 c3 49. Na3 b2 50. Nd4 Nd2 51. Ndc2 b1=Q+ 52. Nxb1 Nxb1 53. Kf2 Nd2 54. Ke3 Nf1+ 55. Kf4 Nxh2 56. Kf5 Ke7 57. g4 Nf3 58. g5 Nh4+ 59. Ke4 Ng6 60. Kd4 Ke6 61. Kc4 Nxe5+ 62. Kb3 Nc5+ 63. Kxc3 Ne4+ 64. Kd4 Nxg5 65. Ne3 Nef3+ 66. Kd3 Nh4 67. Ke2 Nf5 68. Ng4 Kd5 69. Nf6+ Ke5 70. Ng4+ Kf4 71. Nh6 Nxh6 0-1


[Site "https://www.chess.com"]

[Event "Titled Tuesday Blitz July 18 Late 2023"]
[White "szachmistrz2500"]
[Black "Nguyen, Ngoc Truong Son"]
[BlackFideId "12401110"]
[WhiteElo "2475"]
[BlackElo "2862"]
[Result "0-1"]
[Round "4"]
[TimeControl "180+2"]
[Date "2023.07.18"]
[WhiteClock "0:02:01"]
[BlackClock "0:02:56"]
[Board "89"]

1. e4 c5 2. d3 Nc6 3. g3 h5 4. h3 h4 5. g4 d5 6. Nd2 dxe4 7. dxe4 f5 8. exf5 e6 9. fxe6 Bxe6 10. Bg2 Qd7 11. Ngf3 O-O-O 12. c3 Nf6 13. O-O Bxg4 14. hxg4 h3 15. g5 Qg4 16. Ne1 Qxd1 0-1


[Site "https://www.chess.com"]

[Event "Titled Tuesday Blitz July 18 Late 2023"]
[White "Matinian, Nikita"]
[Black "Garcia Almaguer, Juan Manuel"]
[WhiteFideId "24129100"]
[BlackFideId "5110491"]
[WhiteElo "2732"]
[BlackElo "2454"]
[Result "1-0"]
[Round "4"]
[TimeControl "180+2"]
[Date "2023.07.18"]
[WhiteClock "0:00:10"]
[BlackClock "0:00:08"]
[Board "90"]

1. e4 e5 2. Nf3 Nc6 3. Bb5 a6 4. Ba4 Nf6 5. O-O Be7 6. d3 b5 7. Bb3 O-O 8. a3 h6 9. Nc3 d6 10. h3 Be6 11. Nd5 Bxd5 12. exd5 Nb8 13. d4 e4 14. Nd2 Re8 15. Re1 Bf8 16. c3 Nbd7 17. Bc2 Nxd5 18. Nxe4 N7f6 19. Bd2 c5 20. dxc5 dxc5 21. Qf3 Qb6 22. Rad1 Rad8 23. Bc1 Nxe4 24. Bxe4 Nf6 25. Bc2 b4 26. c4 Rxe1+ 27. Rxe1 a5 28. a4 Bd6 29. b3 Bb8 30. Bb2 Qd6 31. g3 Re8 32. Rd1 Qe6 33. Bf5 Qe7 34. Kg2 Rd8 35. Rxd8+ Qxd8 36. Qa8 Ne8 37. Be5 Bc7 38. Qxd8 Bxd8 39. Bd7 Bc7 40. Bb2 Nd6 41. Kf3 Kf8 42. h4 Ke7 43. Bh3 f6 44. Bc1 Nf7 45. Be3 Ne5+ 46. Ke4 Kd6 47. Bf1 g5 48. Kf5 Bd8 49. h5 Nf3 50. Kg6 Nd4 51. Bxd4 cxd4 52. Kxh6 Ke5 53. Bd3 f5 54. Kg6 Bf6 55. Bxf5 g4 56. Bxg4 d3 57. f4+ Kd4 58. Kxf6 Kc3 59. h6 Kxb3 60. h7 1-0


[Site "https://www.chess.com"]

[Event "Titled Tuesday Blitz July 18 Late 2023"]
[White "Shuvalova, Polina"]
[Black "Delorme, Axel"]
[WhiteFideId "24171760"]
[BlackFideId "632023"]
[WhiteElo "2667"]
[BlackElo "2429"]
[Result "0-1"]
[Round "4"]
[TimeControl "180+2"]
[Date "2023.07.18"]
[WhiteClock "0:00:00"]
[BlackClock "0:00:14"]
[Board "91"]

1. e4 c5 2. Nf3 d6 3. c3 Nf6 4. Bd3 Nc6 5. O-O d5 6. e5 c4 7. Bc2 Nd7 8. e6 fxe6 9. d4 cxd3 10. Qxd3 Nf6 11. Re1 g6 12. Ba4 Bg7 13. Nd4 O-O 14. Nd2 Qd6 15. N2f3 Ne4 16. Be3 e5 17. Nb5 Qd8 18. c4 e6 19. Rad1 a6 20. cxd5 axb5 21. Bb3 Nxf2 22. Bxf2 Nb4 23. Qxb5 Nxd5 24. Bxd5 exd5 25. Rxd5 Qe8 26. Qxe8 Rxe8 27. a3 e4 28. Ng5 Bxb2 29. Nxe4 Bf5 30. Nd6 Rxe1+ 31. Bxe1 Be6 32. Rb5 Bd4+ 33. Kh1 Rxa3 34. Rb1 b6 35. h3 Ra1 36. Rxa1 Bxa1 37. Bf2 Be5 38. Nb5 Bd7 39. Na3 b5 40. Kg1 b4 41. Nc4 b3 42. Be1 b2 0-1


[Site "https://www.chess.com"]

[Event "Titled Tuesday Blitz July 18 Late 2023"]
[White "brm72"]
[Black "cedchass2006"]
[WhiteElo "2586"]
[BlackElo "2403"]
[Result "1/2-1/2"]
[Round "4"]
[TimeControl "180+2"]
[Date "2023.07.18"]
[WhiteClock "0:00:02"]
[BlackClock "0:00:07"]
[Board "92"]

1. e4 e5 2. Nf3 Nc6 3. d4 exd4 4. Nxd4 Nf6 5. Nxc6 bxc6 6. e5 Qe7 7. Qe2 Nd5 8. h4 d6 9. c4 Nb6 10. exd6 Qxe2+ 11. Bxe2 cxd6 12. Bf3 d5 13. cxd5 cxd5 14. O-O Be7 15. Re1 Be6 16. h5 O-O 17. Nc3 Rac8 18. Be3 Bf6 19. Rad1 Nc4 20. Nxd5 Bxd5 21. Bxd5 Nxe3 22. Rxe3 Bxb2 23. Re7 a5 24. Bb3 Rc1 25. Rxc1 Bxc1 26. g3 Bd2 27. Kg2 Bb4 28. Rd7 g6 29. h6 Ba3 30. f4 Bc1 31. Kf3 g5 32. Kg4 gxf4 33. gxf4 Ba3 34. Ra7 Bb4 35. Kf5 Bc3 36. Rc7 Bb2 37. Rc5 Ra8 38. Bd5 Rd8 39. Rxa5 Bc3 40. Rb5 Bb4 41. Bb3 Bf8 42. Rb7 Bxh6 43. Rxf7 Rf8 44. Rxf8+ Kxf8 45. a4 Ke7 46. Bg8 Kd6 47. Bxh7 Kc5 48. Ke5 Bg7+ 49. Ke6 Bh6 50. Ke5 Bg7+ 51. Ke6 Bh6 52. Kf5 Kb4 53. Kg4 Bxf4 54. Kxf4 Kxa4 1/2-1/2


[Site "https://www.chess.com"]

[Event "Titled Tuesday Blitz July 18 Late 2023"]
[White "Bueno, Alfeu Junior Varela"]
[Black "Jimenez Almeida, Luis David"]
[WhiteFideId "2108879"]
[BlackFideId "22242244"]
[WhiteElo "2401"]
[BlackElo "2576"]
[Result "1-0"]
[Round "4"]
[TimeControl "180+2"]
[Date "2023.07.18"]
[WhiteClock "0:00:49"]
[BlackClock "0:01:16"]
[Board "93"]

1. e4 c5 2. Nc3 a6 3. g3 b5 4. Bg2 Bb7 5. f4 e6 6. Qe2 b4 7. Na4 d5 8. exd5 Bxd5 9. f5 Bxg2 10. Qxg2 Nd7 11. fxe6 fxe6 12. Nf3 Ngf6 13. Ng5 Rc8 14. Nxe6 Qe7 15. Qe2 Kf7 16. Ng5+ Kg6 17. Qxe7 Bxe7 18. Nf3 c4 19. O-O Rhd8 20. b3 cxb3 21. cxb3 Nb6 22. Ne5+ Kh5 23. d4 Nxa4 24. Rf5+ g5 25. Rxg5+ Kh6 26. Nf7# 1-0


[Site "https://www.chess.com"]

[Event "Titled Tuesday Blitz July 18 Late 2023"]
[White "Dobrikov, Marco"]
[Black "Willy, Stephen"]
[WhiteFideId "12950378"]
[BlackFideId "30981468"]
[WhiteElo "2570"]
[BlackElo "2391"]
[Result "0-1"]
[Round "4"]
[TimeControl "180+2"]
[Date "2023.07.18"]
[WhiteClock "0:01:18"]
[BlackClock "0:00:08"]
[Board "94"]

1. d4 d5 2. c4 e6 3. Nc3 Nf6 4. cxd5 exd5 5. Bg5 c6 6. e3 Bf5 7. Bd3 Bxd3 8. Qxd3 Nbd7 9. Nf3 Bd6 10. O-O O-O 11. Rab1 a5 12. a3 a4 13. Qc2 b5 14. Ne2 Qb6 15. Ng3 Bxg3 16. hxg3 Ne4 17. Be7 Rfc8 18. Bb4 h5 19. Rbc1 c5 20. dxc5 Ndxc5 21. Nd4 Qb7 22. Qe2 g6 23. Nxb5 Nb3 24. Rcd1 Rc4 25. Nc3 Nxc3 26. Bxc3 Nc5 27. Rd4 Qb3 28. g4 h4 29. g5 Ne4 30. Rxc4 dxc4 31. Bd4 Nxg5 32. Qg4 Ne6 33. Bf6 Ra5 34. Rd1 Rf5 35. Rd2 Rxf6 36. Qxh4 Rf5 37. Qe4 Qb5 38. g3 Rc5 39. Qh4 c3 40. bxc3 Rxc3 41. Qf6 Rc1+ 42. Kh2 Qh5+ 43. Qh4 Qxh4+ 44. gxh4 Rc3 45. Ra2 Nc5 46. Kg3 Nd3 47. Kg4 Nc1 48. Rd2 Rxa3 49. Kg5 Kg7 50. e4 Rd3 51. Rc2 Nb3 52. h5 f6+ 53. Kg4 Kh6 54. hxg6 Kxg6 55. f4 a3 56. Ra2 Nd4 57. e5 f5+ 58. Kh4 Nf3+ 59. Kg3 Nxe5+ 60. Kf2 Nc4 61. Ke2 Rb3 62. Rc2 Rb2 63. Kf3 Rxc2 64. Kg3 a2 65. Kh4 a1=Q 66. Kg3 Qg1+ 67. Kh4 Rh2# 0-1


[Site "https://www.chess.com"]

[Event "Titled Tuesday Blitz July 18 Late 2023"]
[White "Hajiyev, Kanan"]
[Black "Silva Lucena, Cristian"]
[WhiteFideId "13404148"]
[BlackFideId "2232588"]
[WhiteElo "2556"]
[BlackElo "2391"]
[Result "1-0"]
[Round "4"]
[TimeControl "180+2"]
[Date "2023.07.18"]
[WhiteClock "0:02:02"]
[BlackClock "0:02:18"]
[Board "95"]

1. d4 Nf6 2. Nf3 g6 3. c4 Bg7 4. g3 O-O 5. Bg2 d6 6. O-O Bf5 7. b3 c5 8. Bb2 cxd4 9. Nxd4 Be6 10. Nxe6 fxe6 11. Bxb7 Nbd7 12. Bxa8 Qxa8 13. Nd2 h5 14. Nf3 e5 15. Ng5 Nc5 16. Qc2 e4 17. b4 Ncd7 18. Ne6 Rf7 19. c5 dxc5 20. bxc5 Qc6 21. Qc4 Nb6 22. Qb3 Nbd5 23. Nd8 Qe6 24. Nxe6 1-0


[Site "https://www.chess.com"]

[Event "Titled Tuesday Blitz July 18 Late 2023"]
[White "Tarasova, Viktoriya"]
[Black "Altman, Joshua"]
[WhiteFideId "4175840"]
[BlackFideId "426210"]
[WhiteElo "2376"]
[BlackElo "2556"]
[Result "1/2-1/2"]
[Round "4"]
[TimeControl "180+2"]
[Date "2023.07.18"]
[WhiteClock "0:00:02"]
[BlackClock "0:00:04"]
[Board "96"]

1. d4 c5 2. d5 Nf6 3. Nc3 e5 4. e4 d6 5. Bb5+ Bd7 6. a4 a6 7. Be2 g6 8. Nf3 Bg7 9. O-O O-O 10. a5 Bg4 11. Nd2 Bxe2 12. Qxe2 Nbd7 13. Nc4 Qc7 14. Be3 b5 15. axb6 Nxb6 16. Na5 Nfd7 17. Nc6 f5 18. f3 f4 19. Bf2 Nb8 20. Nxb8 Rfxb8 21. Rxa6 Rxa6 22. Qxa6 Ra8 23. Qb5 h6 24. b3 Bf8 25. Qe2 g5 26. Nb5 Qd7 27. c4 h5 28. b4 Ra4 29. Rb1 g4 30. bxc5 dxc5 31. Nc3 Rxc4 32. Rxb6 Rxc3 33. Rg6+ Kh7 34. Rg5 Rc1+ 35. Be1 Qa4 36. Rxh5+ Kg6 37. fxg4 Qd4+ 38. Kf1 c4 39. g5 Bc5 40. Rh6+ Kg7 41. Rh7+ Kf8 42. Rf7+ Kxf7 43. Qh5+ Ke7 44. Qh7+ Kd8 45. Qg8+ Kc7 46. Qf7+ Kb6 47. Qe6+ Kb5 48. Qd7+ Ka6 49. Qc8+ Ka7 50. Qd7+ Kb8 51. Qd8+ Kb7 52. Qd7+ Ka8 53. Qc8+ Ka7 54. Qd7+ Ka6 55. Qa4+ Kb6 56. Qc6+ Ka7 57. Qc7+ Ka8 58. Qc8+ Ka7 1/2-1/2


[Site "https://www.chess.com"]

[Event "Titled Tuesday Blitz July 18 Late 2023"]
[White "Pham, Le Thao Nguyen"]
[Black "ExchangeAB"]
[WhiteFideId "12401226"]
[WhiteElo "2554"]
[BlackElo "2361"]
[Result "1/2-1/2"]
[Round "4"]
[TimeControl "180+2"]
[Date "2023.07.18"]
[WhiteClock "0:00:14"]
[BlackClock "0:00:36"]
[Board "97"]

1. d4 d5 2. Nf3 Nf6 3. Bf4 c6 4. e3 Bf5 5. c4 e6 6. Nc3 h6 7. Qb3 Qb6 8. c5 Qxb3 9. axb3 Be7 10. b4 a6 11. b5 O-O 12. h3 cxb5 13. Bxb5 Ne4 14. O-O f6 15. Ba4 g5 16. Bh2 h5 17. Nxe4 Bxe4 18. Nd2 Bd3 19. Rfc1 Nc6 20. Rc3 Bb5 21. Bxb5 axb5 22. Rca3 Rxa3 23. Rxa3 e5 24. Nb3 Kf7 25. g4 hxg4 26. hxg4 Ke6 27. Ra1 e4 28. Kg2 f5 29. gxf5+ Kxf5 30. Nc1 Kg4 31. Ne2 b4 32. Bg3 Rh8 33. Ra4 Bf6 34. Nc1 Bd8 35. Nb3 Kf5 36. Na1 Ba5 37. Nb3 Bd8 38. Ra1 Kg4 39. Rf1 Be7 40. Ra1 Bd8 41. Ra4 Kf5 1/2-1/2


[Site "https://www.chess.com"]